TOP OF THE 1ST |
Visalia Rawhide batting - Pitching for Inland Empire 66ers : RHP Chris Adams
|
Pitching: RHP Chris Adams
|
|
Batting: LHB Willie Gutierrez
|
0-0: Ball 1-0: Ball 2-0: Called Strike 2-1: Ground out 3-1 (Groundball, 34S, EV 87.5 MPH)
|
Batting: RHB Dave Vargas
|
0-0: Ball 1-0: Ball 2-0: Ball 3-0: Base on Balls
|
Batting: LHB Rick Roemer
|
0-0: Ball 1-0: Called Strike 1-1: Ball 2-1: Swinging Strike 2-2: Strikes out swinging Dave Vargas steals 2nd base (no throw) Batter strikes out.
|
Batting: RHB Marlon Reda
|
0-0: Ball 1-0: Called Strike 1-1: Foul Ball, location: 2F 1-2: Foul Ball, location: 2F 1-2: 2-RUN HOME RUN (Flyball, 9D, EV 98.1 MPH), Distance : 402 ft
|
Batting: LHB Soo-yeon Kym
|
0-0: Called Strike 0-1: Ground out 6-3 (Groundball, 6, EV 103.8 MPH)
|
Top of the 1st over - 2 runs, 1 hit, 0 errors, 0 left on base; Visalia 2 - Inland Empire 0 |
BOTTOM OF THE 1ST |
Inland Empire 66ers batting - Pitching for Visalia Rawhide : RHP Eric Richards
|
Pitching: RHP Eric Richards
|
|
Batting: RHB Melvin Gomez
|
0-0: Ball 1-0: Ball 2-0: Swinging Strike 2-1: Swinging Strike 2-2: Fly out, F8 (Flyball, 8LM, EV 89.4 MPH)
|
Batting: RHB Oren Jones
|
0-0: Foul Ball, location: 2F 0-1: DOUBLE (Groundball, 5L, EV 105.0 MPH)
|
Batting: LHB Rusty Ney
|
0-0: Ball 1-0: Swinging Strike 1-1: Swinging Strike 1-2: Ball 2-2: Foul Ball, location: 2F 2-2: Ball 3-2: Strikes out swinging
|
Batting: RHB Mike Alm
|
0-0: Ball 1-0: Called Strike 1-1: Ball 2-1: Ball 3-1: Base on Balls
|
Batting: RHB Ryuji Ito
|
0-0: Called Strike 0-1: Called Strike 0-2: Ball 1-2: Fly out, F2 (Popup, 23F, EV 90.6 MPH)
|
Bottom of the 1st over - 0 runs, 1 hit, 0 errors, 2 left on base; Visalia 2 - Inland Empire 0 |
TOP OF THE 2ND |
Visalia Rawhide batting - Pitching for Inland Empire 66ers : RHP Chris Adams
|
Batting: RHB Franklin Villanueva
|
0-0: Swinging Strike 0-1: Ground out 6-3 (Groundball, 6, EV 80.6 MPH)
|
Batting: LHB Josh Gottlieb
|
0-0: Ball 1-0: Ground out 6-3 (Groundball, 4M, EV 110.0 MPH)
|
Batting: RHB Wes Santiago
|
0-0: Ground out 6-3 (Groundball, 6, EV 105.6 MPH)
|
Top of the 2nd over - 0 runs, 0 hits, 0 errors, 0 left on base; Visalia 2 - Inland Empire 0 |
BOTTOM OF THE 2ND |
Inland Empire 66ers batting - Pitching for Visalia Rawhide : RHP Eric Richards
|
Batting: RHB Ryan Munro
|
0-0: Swinging Strike 0-1: Swinging Strike 0-2: Strikes out looking
|
Batting: LHB Justin Alexander
|
0-0: Called Strike 0-1: Foul Ball, location: 2F 0-2: Ball 1-2: Ground out U3 (Groundball, 3, EV 91.9 MPH)
|
Batting: LHB Griffin Ferris
|
0-0: Ball 1-0: Ball 2-0: Ball 3-0: Base on Balls
|
Batting: RHB Wilford Harper
|
0-0: Called Strike 0-1: Swinging Strike 0-2: Ball 1-2: Strikes out swinging
|
Bottom of the 2nd over - 0 runs, 0 hits, 0 errors, 1 left on base; Visalia 2 - Inland Empire 0 |
TOP OF THE 3RD |
Visalia Rawhide batting - Pitching for Inland Empire 66ers : RHP Chris Adams
|
Batting: RHB Mike Swift
|
0-0: Ground out 4-3 (Groundball, 4, EV 85.6 MPH)
|
Batting: LHB Willie Gutierrez
|
0-0: Foul Ball, location: 2F 0-1: Foul Ball, location: 2F 0-2: Ball 1-2: Foul Ball, location: 2F 1-2: Strikes out swinging
|
Batting: RHB Dave Vargas
|
0-0: Ball 1-0: Ball 2-0: Ball 3-0: Called Strike 3-1: Base on Balls
|
Batting: LHB Rick Roemer
|
0-0: Called Strike 0-1: Ball 1-1: Ball 2-1: Ball 3-1: Called Strike 3-2: SINGLE (Flyball, 9LS, EV 91.9 MPH) Dave Vargas to second Dave Vargas to third
|
Batting: RHB Marlon Reda
|
0-0: Ball 1-0: Foul Ball, location: 2F 1-1: Fly out, F6 (Flyball, 6D, EV 88.1 MPH)
|
Top of the 3rd over - 0 runs, 1 hit, 0 errors, 2 left on base; Visalia 2 - Inland Empire 0 |
BOTTOM OF THE 3RD |
Inland Empire 66ers batting - Pitching for Visalia Rawhide : RHP Eric Richards
|
Batting: RHB Melvin Gomez
|
0-0: Ball 1-0: Ball 2-0: Ball 3-0: Base on Balls
|
Batting: RHB Oren Jones
|
0-0: Ball 1-0: Ball 2-0: Foul Ball, location: 2F 2-1: Ball Wild Pitch! Melvin Gomez to second 3-1: Called Strike 3-2: Ground out 6-3 (Groundball, 6, EV 86.9 MPH) Melvin Gomez to third
|
Batting: LHB Rusty Ney
|
0-0: Ball 1-0: Swinging Strike 1-1: Called Strike 1-2: Ball 2-2: Strikes out swinging
|
Batting: RHB Mike Alm
|
0-0: Ball 1-0: Ball Passed Ball! Melvin Gomez scores 2-0: Ball 3-0: Called Strike 3-1: Ground out 4-3 (Groundball, 4, EV 83.8 MPH)
|
Bottom of the 3rd over - 1 run, 0 hits, 0 errors, 0 left on base; Visalia 2 - Inland Empire 1 |
TOP OF THE 4TH |
Visalia Rawhide batting - Pitching for Inland Empire 66ers : RHP Chris Adams
|
Batting: LHB Soo-yeon Kym
|
0-0: Ball 1-0: Called Strike 1-1: Ball 2-1: Foul Ball, location: 2F 2-2: Ball 3-2: Base on Balls
|
Batting: RHB Franklin Villanueva
|
0-0: Ball Wild Pitch! Soo-yeon Kym to second 1-0: Swinging Strike 1-1: Ball 2-1: Foul Ball, location: 2F 2-2: Ground out 6-3 (Groundball, 6, EV 91.3 MPH)
|
Batting: LHB Josh Gottlieb
|
0-0: Ball 1-0: Fly out, F8 (Line Drive, 8RM, EV 90.0 MPH) Lined into DP, 8-6 (Line Drive, 8RM, EV 90.0 MPH)
|
Top of the 4th over - 0 runs, 0 hits, 0 errors, 0 left on base; Visalia 2 - Inland Empire 1 |
BOTTOM OF THE 4TH |
Inland Empire 66ers batting - Pitching for Visalia Rawhide : RHP Eric Richards
|
Batting: RHB Ryuji Ito
|
0-0: Foul Ball, location: 2F 0-1: Swinging Strike 0-2: SOLO HOME RUN (Flyball, 7D, EV 104.4 MPH), Distance : 387 ft
|
Batting: RHB Ryan Munro
|
0-0: Swinging Strike 0-1: Swinging Strike 0-2: Strikes out swinging
|
Batting: LHB Justin Alexander
|
0-0: Called Strike 0-1: Ball 1-1: Foul Ball, location: 2F 1-2: Ball 2-2: Strikes out looking
|
Batting: LHB Griffin Ferris
|
0-0: Foul Ball, location: 2F 0-1: Called Strike 0-2: Strikes out swinging
|
Bottom of the 4th over - 1 run, 1 hit, 0 errors, 0 left on base; Visalia 2 - Inland Empire 2 |
TOP OF THE 5TH |
Visalia Rawhide batting - Pitching for Inland Empire 66ers : RHP Chris Adams
|
Batting: RHB Wes Santiago
|
0-0: Ball 1-0: Swinging Strike 1-1: SINGLE (Groundball, 6D, EV 95.6 MPH)
|
Batting: RHB Mike Swift
|
0-0: Fly out, F9 (Flyball, 9LS, EV 74.4 MPH)
|
Batting: LHB Willie Gutierrez
|
0-0: Foul Ball, location: 2F 0-1: Ball 1-1: Foul Ball, location: 2F 1-2: Ball 2-2: Ball 3-2: Base on Balls Wes Santiago to second
|
Batting: RHB Dave Vargas
|
0-0: Ball 1-0: Grounds into double play, 4-6-3 (Groundball, 4, EV 88.1 MPH)
|
Top of the 5th over - 0 runs, 1 hit, 0 errors, 1 left on base; Visalia 2 - Inland Empire 2 |
BOTTOM OF THE 5TH |
Inland Empire 66ers batting - Pitching for Visalia Rawhide : RHP Eric Richards
|
Batting: RHB Wilford Harper
|
0-0: Called Strike 0-1: Ball 1-1: Ball 2-1: Called Strike 2-2: Foul Ball, location: 2F 2-2: Foul Ball, location: 2F 2-2: Foul Ball, location: 2F 2-2: Foul Ball, location: 2F 2-2: Fly out, F8 (Flyball, 8RS, EV 87.5 MPH)
|
Batting: RHB Melvin Gomez
|
0-0: Ball 1-0: Foul Ball, location: 2F 1-1: Called Strike 1-2: Ball 2-2: Foul Ball, location: 2F 2-2: Ball 3-2: Ground out 5-3 (Groundball, 56S, EV 68.8 MPH)
|
Batting: RHB Oren Jones
|
0-0: Ball 1-0: Foul Ball, location: 2F 1-1: Fly out, F3 (Flyball, 3D, EV 90.6 MPH)
|
Bottom of the 5th over - 0 runs, 0 hits, 0 errors, 0 left on base; Visalia 2 - Inland Empire 2 |
TOP OF THE 6TH |
Visalia Rawhide batting - Pitching for Inland Empire 66ers : RHP Chris Adams
|
Batting: LHB Rick Roemer
|
0-0: Foul Ball, location: 2F 0-1: Called Strike 0-2: Strikes out swinging
|
Batting: RHB Marlon Reda
|
0-0: Ball 1-0: Swinging Strike 1-1: Ball 2-1: Called Strike 2-2: Ball 3-2: Base on Balls
|
Pitching: RHP Danny Nava
|
|
Batting: LHB Soo-yeon Kym
|
0-0: Swinging Strike 0-1: Ball 1-1: Ball 2-1: Swinging Strike 2-2: Ball 3-2: Foul Ball, location: 2F 3-2: Strikes out swinging
|
Batting: RHB Franklin Villanueva
|
0-0: Ball 1-0: Ball 2-0: Fielders Choice at 2nd, 6-4 (Groundball, 6, EV 106.3 MPH)
|
Top of the 6th over - 0 runs, 0 hits, 0 errors, 1 left on base; Visalia 2 - Inland Empire 2 |
BOTTOM OF THE 6TH |
Inland Empire 66ers batting - Pitching for Visalia Rawhide : RHP Eric Richards
|
Pitching: RHP Ming-feng Pi
|
|
Batting: LHB Rusty Ney
|
0-0: Ball 1-0: Ball 2-0: Swinging Strike 2-1: TRIPLE (Line Drive, 89XD, EV 111.3 MPH)
|
Batting: RHB Mike Alm
|
0-0: Intentional Walk
|
Batting: RHB Ryuji Ito
|
0-0: Ball 1-0: Grounds into double play, 6-4-3 (Groundball, 6, EV 87.5 MPH) Rusty Ney scores
|
Batting: RHB Ryan Munro
|
0-0: Swinging Strike 0-1: Foul Ball, location: 2F 0-2: Foul Ball, location: 2F 0-2: Ground out 5-3 (Groundball, 56, EV 91.9 MPH)
|
Bottom of the 6th over - 1 run, 1 hit, 0 errors, 0 left on base; Visalia 2 - Inland Empire 3 |
TOP OF THE 7TH |
Visalia Rawhide batting - Pitching for Inland Empire 66ers : RHP Danny Nava
|
Batting: LHB Josh Gottlieb
|
0-0: Ball 1-0: Called Strike 1-1: Foul Ball, location: 2F 1-2: Strikes out swinging
|
Batting: RHB Wes Santiago
|
0-0: Ground out 4-3 (Groundball, 4M, EV 91.3 MPH)
|
Pinch Hitting: LHB Josh Kirk
|
0-0: Ball 1-0: Ball 2-0: Ball 3-0: Base on Balls
|
Batting: LHB Willie Gutierrez
|
0-0: Ball Josh Kirk steals 2nd base 1-0: Ball 2-0: Swinging Strike 2-1: Ball 3-1: Base on Balls
|
Batting: RHB Dave Vargas
|
0-0: Ball 1-0: Ball 2-0: Fielders Choice at 2nd, U6 (Groundball, 6M, EV 98.8 MPH)
|
Top of the 7th over - 0 runs, 0 hits, 0 errors, 2 left on base; Visalia 2 - Inland Empire 3 |
BOTTOM OF THE 7TH |
Inland Empire 66ers batting - Pitching for Visalia Rawhide : RHP Ming-feng Pi
|
Now at 1B: Larry Hardman
|
|
Batting: LHB Justin Alexander
|
0-0: Called Strike 0-1: Fly out, F7 (Flyball, 7D, EV 100.6 MPH)
|
Batting: LHB Griffin Ferris
|
0-0: Ball 1-0: Swinging Strike 1-1: Ground out U3 (Groundball, 3, EV 83.1 MPH)
|
Batting: RHB Wilford Harper
|
0-0: Swinging Strike 0-1: Swinging Strike 0-2: Ball 1-2: Strikes out swinging, 2-3 out at first.
|
Bottom of the 7th over - 0 runs, 0 hits, 0 errors, 0 left on base; Visalia 2 - Inland Empire 3 |
TOP OF THE 8TH |
Visalia Rawhide batting - Pitching for Inland Empire 66ers : RHP Danny Nava
|
Pitching: RHP Jon Griffin
|
|
Now at C: Ryuji Ito
|
|
Now at 1B: Oren Jones
|
|
Now at SS: Tim Connell
|
|
Batting: LHB Rick Roemer
|
0-0: Ball 1-0: Foul Ball, location: 2F 1-1: Called Strike 1-2: Ball 2-2: Foul Ball, location: 2F 2-2: Strikes out swinging
|
Pinch Hitting: LHB Kevin Ferguson
|
0-0: Ball 1-0: Fly out, F8 (Flyball, 78M, EV 76.9 MPH)
|
Batting: LHB Soo-yeon Kym
|
0-0: Swinging Strike 0-1: Foul Ball, location: 2F 0-2: Ball 1-2: Strikes out swinging
|
Top of the 8th over - 0 runs, 0 hits, 0 errors, 0 left on base; Visalia 2 - Inland Empire 3 |
BOTTOM OF THE 8TH |
Inland Empire 66ers batting - Pitching for Visalia Rawhide : RHP Ming-feng Pi
|
Now at SS: Edgar Garcia
|
|
Batting: RHB Melvin Gomez
|
0-0: Foul Ball, location: 2F 0-1: Ball 1-1: Ball 2-1: DOUBLE (Line Drive, 78XD, EV 100.6 MPH)
|
Batting: RHB Oren Jones
|
0-0: Ball 1-0: Called Strike 1-1: Foul Ball, location: 2F 1-2: Ball 2-2: SINGLE (Groundball, 6S, EV 68.8 MPH) (infield hit) Melvin Gomez to third
|
Batting: LHB Rusty Ney
|
0-0: Swinging Strike 0-1: Foul Ball, location: 2F 0-2: Ball 1-2: Foul Ball, location: 2F 1-2: SINGLE (Groundball, 4M, EV 99.4 MPH) Melvin Gomez scores Oren Jones to second
|
Batting: RHB Mike Alm
|
0-0: DOUBLE (Line Drive, 3D, EV 115.0 MPH) Oren Jones scores Rusty Ney to third
|
Pitching: LHP Rene Eenkhoorn
|
|
Batting: RHB Ryuji Ito
|
0-0: Called Strike 0-1: Ball 1-1: Swinging Strike 1-2: Ball 2-2: Strikes out looking
|
Batting: RHB Ryan Munro
|
0-0: Intentional Walk
|
Batting: LHB Justin Alexander
|
0-0: Ball 1-0: Swinging Strike 1-1: Ball 2-1: Foul Ball, location: 2F 2-2: Ball 3-2: Strikes out swinging
|
Batting: LHB Griffin Ferris
|
0-0: Swinging Strike 0-1: Ball 1-1: Ball 2-1: Ball 3-1: Foul Ball, location: 2F 3-2: Strikes out looking
|
Bottom of the 8th over - 2 runs, 4 hits, 0 errors, 3 left on base; Visalia 2 - Inland Empire 5 |
TOP OF THE 9TH |
Visalia Rawhide batting - Pitching for Inland Empire 66ers : RHP Jon Griffin
|
Pitching: RHP Harambe Vick
|
|
Batting: RHB Franklin Villanueva
|
0-0: Called Strike 0-1: Swinging Strike 0-2: Ball 1-2: Strikes out swinging
|
Batting: LHB Josh Gottlieb
|
0-0: Swinging Strike 0-1: Called Strike 0-2: Ball 1-2: Hit by Pitch
|
Batting: RHB Wes Santiago
|
0-0: Called Strike 0-1: Ball 1-1: Ball 2-1: Foul Ball, location: 2F 2-2: Foul Ball, location: 2F 2-2: Ball 3-2: Fly out, F9 (Flyball, 9LD, EV 95.6 MPH)
|
Batting: RHB Larry Hardman
|
0-0: Ball Pickoff Throw to First - Error! E1 Josh Gottlieb to second 1-0: Foul Ball, location: 2F 1-1: Foul Ball, location: 2F 1-2: Ball 2-2: Foul Ball, location: 2F 2-2: Strikes out swinging
|
Top of the 9th over - 0 runs, 0 hits, 1 error, 1 left on base; Visalia 2 - Inland Empire 5 |
|